giann, lawful female dwarven Valkyrie --- --.--- --....| -.....| -- .....| ----.---.....--- |.....|........--- |................| ................-- ................| --.G..*..........- |hG............. ............ |......... |.^...G..- -......-- |......%-- |......@.| --<--.|..| --------- giann the Skirmisher Experience level: 4 Strength: 18/02 Dexterity: 14 Constitution: 14 Intelligence: 8 Wisdom: 10 Charisma: 11 Health: 0(39) Energy: 8(8) Def: 4 Gold: 291 Moves: 2620 Dungeon seed: IRTWsogwjW7D139I Game ID: giann_1506196445 Your Inventory: Coins $ - 291 gold pieces Weapons a - a corroded +1 long sword (weapon in hand) b - a +0 dagger Armor e - an uncursed burnt +4 small shield (being worn) n - a blessed +1 pair of levitation boots q - a cursed -1 orcish helm (being worn) Comestibles c - an uncursed food ration t - an uncursed pancake Potions f - an uncursed potion of blindness h - an uncursed potion of gain level m - an uncursed potion of paralysis s - an uncursed potion of see invisible Rings p - a cursed ring of warning (on left hand) Wands g - a wand of fire (0:2) u - a wand of locking (0:4) v - a wand of undead turning (0:7) Tools d - an uncursed oil lamp (0:1177) Gems r - an uncursed worthless piece of yellow glass y - 3 uncursed worthless pieces of orange glass z - an uncursed opal N - an uncursed worthless piece of green glass Spells and supernatural/magical abilities: Name Level Category Fail Memory W - pray for help -- divine ? -- Your skills at the end: Fighting Skills wands [Basic] Weapon Skills dagger [Basic] long sword [Basic] Spellcasting Skills Final Attributes: You were piously aligned. You were cold resistant. You saw invisible. You were warned. You had infravision. You were stealthy. You are dead. Vanquished creatures: a little dog 2 kittens an iguana 2 acid blobs 2 coyotes 2 giant rats a brown mold a green mold a red mold 8 garter snakes 3 geckos 4 jackals a fox 2 kobolds a goblin 3 grid bugs 3 lichens 4 newts 42 creatures vanquished. Voluntary challenges: You were an atheist. You used a wielded weapon 42 times, starting on turn 57. You read items or engraved 2 times, starting on turn 533. You never genocided any monsters. You never polymorphed an object. You never changed form. You used no wishes. You never split a pudding. You never wrote Elbereth's name. You never violated your personal moral code. Dungeon overview: The Dungeons of Doom: levels 1 to 4 Level 1 some fountains, a vault a long staircase Level 2 a sink Level 3 Level 4 a vault stairs to The Gnomish Mines The Gnomish Mines: levels 5 to 6 Level 5 stairs to The Dungeons of Doom Level 6 <- You were here History has recorded: On T:1 you entered the Dungeons of Doom to retrieve the Amulet of Yendor! On T:390 you advanced to experience level 2. On T:532 you reached level 2 of The Dungeons of Doom. On T:943 you advanced to experience level 3. On T:1054 you reached level 3 of The Dungeons of Doom. On T:1505 you reached level 4 of The Dungeons of Doom. On T:1946 you advanced to experience level 4. On T:2122 you reached level 1 of The Gnomish Mines. On T:2604 you reached level 2 of The Gnomish Mines. Score breakdown: Gold: 291 ( 8386 points) Experience: 4 levels ( 9649 points) Exploration: 6 levels ( 12.24%) ( 9682 points) Discoveries: 4 items ( 1.61%) ( 3802 points) Valuables value: (no points given unless you survive) Artifact value: 0 ( 0 points) Variety of kills: 18 monsters ( 4.70%) ( 6503 points) Turncount: 2620 turns ( -399 points) Survival: died (score multiplied by 80%) Total score: 30098 Latest messages: You miss the little dog. The little dog bites! The little dog misses. You miss the little dog. The little dog bites! You miss the little dog. The little dog misses. The little dog bites! You miss the little dog. The little dog just misses! You miss the little dog. The little dog bites! The little dog just misses! You miss the little dog. The little dog bites! You miss the little dog. The little dog misses. The little dog bites! The bolt of fire hits the little dog! The little dog is killed by the bolt of fire! The bolt of fire bounces! The bolt of fire hits you! Your wooden shield smoulders! You die... Final status: Farvel giann the Valkyrie, killed by a bolt of fire... You died in The Gnomish Mines on dungeon level 6 with 30098 points, and 291 pieces of gold, after 2620 moves. You were level 4 with a maximum of 39 hit points when you died.